 Dungeon Crawl Stone Soup version 0.29-a0-802-g34511f41fd (webtiles) character file.

Game seed: 10539563381241986277

33320 benadryl the Pandemonic (level 14, 0/107 HPs)
             Began as a Djinni Ice Elementalist on July 2, 2022.
             Was a High Priest of Makhleb.
             Slain by a komodo dragon (26 damage)
             ... on level 2 of the Lair of Beasts on July 3, 2022.
             The game lasted 01:11:19 (17009 turns).

benadryl the Pandemonic (Djinni Ice Elementalist)  Turns: 17009, Time: 01:11:19

Health: 0/107      AC: 16    Str:  9    XL:     14   Next: 7%
Gold:   1212       EV: 10    Int: 31    God:    Makhleb [*****.] SH:  5 Dex: 12

rFire   + . .      SeeInvis .   v - +1 dagger (elec)
rCold   . . .      Faith    .   n - +0 buckler
rNeg    + + .      Spirit   .   K - +6 ring mail "Tewnuno" {rElec Int+4}
rPois   ∞          Reflect  .   e - +2 helmet
rElec   +          Harm     .   p - +0 cloak
rCorr   .          Rampage  .   I - +0 pair of gloves of Purpose {+Inv rN++ Str+2 Dex-5}
Will    ++...                   (boots unavailable)
Stlth   ++........              u - amulet of regeneration
HPRegen 1.07/turn               a - ring of ice
MPRegen 0.00/turn               t - +6 ring of intelligence

@: flying, studying Invocations
A: sickness immunity, fire resistance 2, cold vulnerability 1, float, innate
caster, HP casting, extra vitality 1, thin skeletal structure 1, strong-willed
1, electricity resistance
a: Renounce Religion, Evoke Invisibility, Minor Destruction, Lesser Servant of
Makhleb, Major Destruction, Greater Servant of Makhleb


You were on level 2 of the Lair of Beasts.
You worshipped Makhleb.
Makhleb was extremely pleased with you.
You visited 2 branches of the dungeon, and saw 14 of its levels.
You also visited: Sewer, Ossuary and Volcano.

You collected 1212 gold pieces.

Inventory:

Hand Weapons
 r - a +1 dagger of flaming
 v - a +1 dagger of electrocution (weapon)
 z - a +3 battleaxe
 C - a +2 dagger of venom
 R - a +0 broad axe of protection
Missiles
 k - 46 poisoned darts
 y - 2 throwing nets
 Q - 2 curare-tipped darts
Armour
 e - a +2 helmet (worn)
 g - a +0 robe of positive energy
 n - a +0 buckler (worn)
 p - a +0 cloak (worn)
 I - the +0 pair of gloves of Purpose (worn) {+Inv rN++ Str+2 Dex-5}
   (You found it on level 9 of the Dungeon)

   Str:       It affects your strength (+2).
   Dex:       It affects your dexterity (-5).
   rN:        It greatly protects you from negative energy.
   +Inv:      It lets you turn invisible.
 K - the +6 ring mail "Tewnuno" (worn) {rElec Int+4}
   (You found it on level 10 of the Dungeon)

   Int:       It affects your intelligence (+4).
   rElec:     It insulates you from electricity.
Jewellery
 a - a ring of ice (left hand)
 h - a ring of protection from cold
 l - a ring of protection from fire
 s - a +4 ring of evasion
 t - a +6 ring of intelligence (right hand)
 u - an amulet of regeneration (around neck)
 M - an amulet of reflection
Wands
 o - a wand of mindburst (23)
 J - a wand of roots (4)
 L - a wand of charming (9)
 P - a wand of digging (5)
Scrolls
 c - 5 scrolls of enchant weapon
 d - 2 scrolls of enchant armour
 f - 5 scrolls of fog
 w - 6 scrolls of teleportation
 B - 3 scrolls of amnesia
 E - 2 scrolls of fear
 G - a scroll of silence
 H - a scroll of torment
 O - 2 scrolls of identify {@r1}
 S - a scroll of noise
 T - a scroll of immolation
Potions
 b - 7 potions of lignification
 i - 9 potions of curing {@q1}
 j - 9 potions of attraction
 m - 3 potions of haste
 q - a potion of berserk rage
 x - 2 potions of cancellation
 A - a potion of ambrosia
 D - a potion of brilliance
 F - a potion of flight
 N - a potion of resistance
 U - a potion of mutation
 V - a potion of heal wounds
 W - 2 potions of might


   Skills:
 + Level 12.2 Fighting
 * Level 4.2 Axes
 - Level 2.1 Dodging
 - Level 1.5 Stealth
 - Level 4.0 Shields
 - Level 10.1 Spellcasting
 + Level 14.0 Invocations
 - Level 8.5 Evocations


You had 4 spell levels left.
You knew the following spells:

 Your Spells              Type           Power      Damage    Failure   Level
a - Freeze                Ice            100%       1d11      1%          1
b - Frozen Ramparts       Ice            100%       1d12      1%          3
c - Ozocubu's Armour      Ice            87%        N/A       1%          3
d - Hailstorm             Conj/Ice       87%        3d17      1%          4
e - Beastly Appendage     Tmut           100%       N/A       1%          1
f - Blink                 Tloc           100%       N/A       1%          2
g - Portal Projectile     Hex/Tloc       100%       N/A       1%          3
h - Conjure Flame         Conj/Fire      67%        6-21      1%          3
i - Anguish               Hex/Necr       33%        N/A       1%          4
j - Yara's Violent Unrav  Hex/Tmut       33%        3d14      5%          5
Your spell library was empty.

Dungeon Overview and Level Annotations

Branches:
Dungeon (10/15)            Temple (0/1) D:7            Lair (4/6) D:10
 Spider (0/4) Lair:4        Sewer (visited)         Ossuary (visited)
Volcano (visited)
  Swamp: Lair:2-4    Shoals: Lair:2-4       Orc: D:9-12

Altars:
Dithmenos
Elyvilon
Fedhas
Hepliaklqana
Makhleb
Okawaru
Wu Jian
Xom
Yredelemnul
The Shining One

Shops:
D:7 :

Annotations:
D:7 exclusion: oklob sapling


Innate Abilities, Weirdness & Mutations

You are immune to sickness and miasma.
You are immune to poison.
Your flesh is very heat resistant. (rF++)
You are vulnerable to cold. (rC-)
You float through the air rather than walking.
You learn spells naturally, not from books.
Your magical power is your life essence.
You have superior vitality. (+4 MHP)
You have a somewhat thin skeletal structure. (Dex +2, Stealth+)
You are strong-willed. (Will+)
You are resistant to electric shocks. (rElec)


Message History

You start resting.
The frozen ramparts melt away.
E - 2 scrolls of fear (gained 1)
W - 2 potions of might A komodo dragon comes into view.
The komodo dragon hisses angrily.
There is a stone staircase leading up here.
You hit the komodo dragon.
The komodo dragon is lightly wounded.
The komodo dragon bites you!!
You closely miss the komodo dragon.
The komodo dragon is lightly wounded.
The komodo dragon bites you!
Casting: Freeze (safe; 1% risk of failure)
Confirm with . or Enter, or press ? or * to list all spells.
Aiming: Freeze (safe; 1% risk of failure)
Press: ? - help, Shift-Dir - straight line, f - komodo dragon
Aim: a komodo dragon (lightly wounded)
You feel a surge of power!
You freeze the komodo dragon!
The komodo dragon is moderately wounded.
The komodo dragon closely misses you.
Casting: Freeze (safe; 1% risk of failure)
Confirm with . or Enter, or press ? or * to list all spells.
Aiming: Freeze (safe; 1% risk of failure)
Press: ? - help, Shift-Dir - straight line, f/p - komodo dragon
Aim: a komodo dragon (moderately wounded)
You feel a surge of power!
You freeze the komodo dragon.
The komodo dragon is moderately wounded.
The komodo dragon bites you!
Casting: Freeze (safe; 1% risk of failure)
Confirm with . or Enter, or press ? or * to list all spells.
Aiming: Freeze (safe; 1% risk of failure)
Press: ? - help, Shift-Dir - straight line, f/p - komodo dragon
Aim: a komodo dragon (moderately wounded)
You feel a surge of power!
You freeze the komodo dragon.
The komodo dragon is moderately wounded.
The komodo dragon bites you!!
* * * LOW HITPOINT WARNING * * *
A demon appears!
The komodo dragon bites you!!
You die...

####...P#### ## #
###......## ##P#
####........#####..#
...#.......P.##.P..##
.>..................#
...#................#
#.##................##
##..#....##..........#
...P#....###....@....#
.....##.## ##..!l....#
....##### #....3....#
....## #...........#
.....## ##........P##
......# #........##
.....### #.#......#
.......### ##......##
...#...P.##


You could see a komodo dragon (ally target) and a friendly neqoxec (summoned).

Vanquished Creatures
  Gastronok (Lair:2)
  A red draconian (Volcano)
  Josephine (Lair:4)
  5 two-headed ogres
  An ogre mage (Volcano)
  Sonja (Lair:2)
  Pikel (D:6)
  An ugly thing (D:9)
  2 centaur zombies (D:10)
  2 black mambas
  7 cane toads
  A rime drake (Lair:3)
  2 komodo dragons
  An unseen horror (shapeshifter) (D:9)
  2 hornets
  2 trolls (D:9)
  A polar bear (Lair:4)
  Grinder (D:6)
  7 blink frogs
  Sigmund (D:5)
  A shadow (D:10)
  35 yaks
  4 wyverns
  3 wraiths (Lair:4)
  Grum (D:8)
  6 fire bats (Volcano)
  4 steam dragons
  2 basilisks
  3 vampire mosquitoes (D:10)
  2 acid dragons
  Duvessa (D:6)
  14 water moccasins
  7 orc warriors
  2 ice beasts (D:5)
  A black bear (D:3)
  An ogre (D:7)
  A sky beast (D:6)
  12 wolves
  4 centaurs
  A lemure (D:6)
  13 bullfrogs
  5 kobold brigands
  2 gnoll sergeants
  3 scorpions
  4 water moccasin zombies (Ossuary)
  A necrophage (D:7)
  3 wights
  Dowan (D:6)
  2 killer bees (D:9)
  A howler monkey (D:7)
  6 electric eels
  6 lava snakes (Volcano)
  A jelly (D:7)
  6 hounds
  8 orc priests
  2 gnoll boudas
  2 iguanas
  11 orc wizards
  A hound skeleton (D:7)
  3 mummies
  7 gnolls
  7 adders
  A white imp (D:7)
  2 ufetubi (D:7)
  4 adder zombies (Ossuary)
  7 worms
  A dart slug (D:1)
  37 orcs
  6 ball pythons
  14 bats
  5 endoplasms
  7 giant cockroaches
  7 goblins
  5 hobgoblins
  6 quokkas
  5 frilled lizards
  5 gnoll zombies (Ossuary)
  6 hobgoblin zombies (Ossuary)
  34 kobolds
  6 kobold zombies (Ossuary)
  3 orc zombies (Ossuary)
  7 rats
409 creatures vanquished.

Vanquished Creatures (collateral kills)
  A two-headed ogre (Volcano)
  A black mamba (Lair:4)
  2 molten gargoyles (Volcano)
  A polar bear (Lair:4)
  2 yaks (Lair:4)
  2 wraiths (Lair:4)
  2 water moccasins
  A scorpion (Lair:4)
  A bullfrog (Lair:4)
  3 wights
  An orc wizard (D:8)
  A worm (Lair:4)
  An orc (D:8)
  A giant cockroach (Lair:4)
20 creatures vanquished.

Vanquished Creatures (others)
  A human (D:7)
  2 orcs (D:8)
  11 fungi
  10 plants
24 creatures vanquished.

Grand Total: 453 creatures vanquished

Notes
Turn   | Place    | Note
-------+----------+-------------------------------------------
     0 | D:1      | benadryl the Djinni Ice Elementalist began the quest for
                  | the Orb.
     0 | D:1      | benadryl set off with the following spells memorised:
                  | Freeze, Frozen Ramparts, Ozocubu's Armour, Hailstorm.
     0 | D:1      | Reached XP level 1. HP: 15/15 MP: 0/0
   319 | D:1      | Reached XP level 2. HP: 22/22 MP: 0/0
   705 | D:1      | Reached skill level 1 in Fighting
   707 | D:1      | Gained mutation: You are resistant to electric shocks.
                  | (rElec) [potion of mutation]
   707 | D:1      | Gained mutation: You are strong-willed. (Will+) [potion of
                  | mutation]
   707 | D:1      | Gained mutation: You have a somewhat thin skeletal
                  | structure. (Dex +2, Stealth+) [potion of mutation]
  1082 | D:1      | Reached XP level 3. HP: 27/27 MP: 0/0
  1082 | D:1      | Learned a level 1 spell: Beastly Appendage
  1678 | D:2      | Found a burning altar of Makhleb.
  2237 | D:2      | Became a worshipper of Makhleb the Destroyer
  2255 | D:2      | You are sucked into a shaft and drop 1 floor!
  2330 | D:3      | Found a hazy altar of Hepliaklqana.
  2342 | D:3      | Noticed a black bear
  2445 | D:3      | Found a faded altar of an unknown god.
  2661 | D:3      | Reached XP level 4. HP: 29/33 MP: 0/0
  3182 | D:3      | Reached skill level 1 in Invocations
  3491 | D:3      | Killed a black bear
  3492 | D:3      | Reached XP level 5. HP: 9/39 MP: 0/0
  3492 | D:3      | Learned a level 2 spell: Blink
  4083 | D:2      | Reached XP level 6. HP: 45/45 MP: 0/0
  4452 | D:2      | Reached * piety under Makhleb
  4590 | D:2      | Reached skill level 2 in Invocations
  5091 | D:4      | Reached skill level 5 in Spellcasting
  5091 | D:4      | Reached XP level 7. HP: 38/50 MP: 0/0
  5091 | D:4      | Learned a level 3 spell: Portal Projectile
  5798 | D:5      | Entered Level 5 of the Dungeon
  6086 | D:5      | Reached skill level 3 in Invocations
  6177 | D:5      | Found an ornate altar of the Wu Jian Council.
  6338 | D:5      | Reached XP level 8. HP: 30/58 MP: 0/0
  6347 | D:5      | Upgraded the game from 0.29-a0-789-g7a8fcbc185 to
                  | 0.29-a0-802-g34511f41fd
  6479 | D:5      | Noticed Sigmund
  6490 | D:5      | Killed Sigmund
  6683 | D:6      | Reached ** piety under Makhleb
  6694 | D:6      | Reached skill level 4 in Invocations
  6696 | D:6      | Reached skill level 1 in Shields
  6712 | D:6      | Noticed Pikel
  6737 | D:6      | Killed Pikel
  6738 | D:6      | Reached skill level 5 in Fighting
  6738 | D:6      | Reached XP level 9. HP: 65/65 MP: 0/0
  6738 | D:6      | Learned a level 3 spell: Conjure Flame
  6836 | D:6      | Noticed Duvessa
  6839 | D:6      | Noticed Dowan
  6843 | D:6      | Killed Dowan
  6847 | D:6      | Killed Duvessa
  6955 | D:6      | Found a glowing golden altar of the Shining One.
  7057 | D:6      | Noticed Grinder
  7082 | D:6      | Found a glowing drain.
  7086 | Sewer    | Entered a sewer
  7133 | Sewer    | Reached skill level 5 in Invocations
  7254 | D:6      | Killed Grinder
  7568 | D:7      | Found a burning altar of Makhleb.
  7597 | D:7      | Found Bid Heo's Book Shoppe.
  7852 | D:7      | Found a staircase to the Ecumenical Temple.
  7889 | D:7      | Reached *** piety under Makhleb
  7936 | D:7      | Found a shimmering altar of Xom.
  8252 | D:7      | Found a white marble altar of Elyvilon.
  8286 | D:7      | Reached XP level 10. HP: 68/72 MP: 0/0
  8708 | D:8      | Reached skill level 6 in Invocations
  8734 | D:8      | Found a sand-covered staircase.
  8764 | Ossuary  | Entered an ossuary
  8912 | Ossuary  | Reached **** piety under Makhleb
  9453 | D:8      | Found a blossoming altar of Fedhas.
  9594 | D:8      | Found an iron altar of Okawaru.
  9609 | D:8      | Reached skill level 7 in Invocations
  9835 | D:8      | Noticed Grum
  9851 | D:8      | Killed Grum
  9852 | D:8      | Reached XP level 11. HP: 70/79 MP: 0/0
  9852 | D:8      | Learned a level 4 spell: Anguish
 10226 | D:9      | Identified a scroll of acquirement
 10226 | D:9      | Acquired a manual of Invocations
 10252 | D:9      | Reached skill level 8 in Invocations
 10309 | D:9      | Noticed a brown ugly thing
 10327 | D:9      | Reached ***** piety under Makhleb
 10337 | D:9      | Reached skill level 9 in Invocations
 10355 | D:9      | Killed a brown ugly thing
 10359 | D:9      | Reached skill level 10 in Spellcasting
 10685 | D:9      | Noticed a two-headed ogre
 10692 | D:9      | Killed a two-headed ogre
 10734 | D:9      | Reached skill level 10 in Invocations
 10798 | D:9      | Identified the +0 pair of gloves of Purpose {+Inv rN++
                  | Str+2 Dex-5}
 10942 | D:10     | Entered Level 10 of the Dungeon
 11316 | D:10     | Reached skill level 1 in Evocations
 11400 | D:10     | Found a staircase to the Lair.
 11458 | D:10     | Reached XP level 12. HP: 87/89 MP: 0/0
 11621 | D:10     | Found a basalt altar of Yredelemnul.
 11714 | D:10     | Identified the +6 ring mail "Tewnuno" {rElec Int+4}
 11816 | D:10     | Noticed a two-headed ogre
 11826 | D:10     | Killed a two-headed ogre
 11827 | D:10     | Reached skill level 11 in Invocations
 12008 | D:10     | Found a shadowy altar of Dithmenos.
 12427 | Lair:1   | Entered Level 1 of the Lair of Beasts
 13531 | Lair:2   | Noticed Gastronok
 13565 | Lair:2   | Killed Gastronok
 13566 | Lair:2   | Reached skill level 10 in Fighting
 13566 | Lair:2   | Reached skill level 12 in Invocations
 13719 | Lair:2   | Reached skill level 5 in Evocations
 13841 | Lair:2   | Noticed Sonja
 13877 | Lair:2   | Killed Sonja
 14147 | Lair:2   | You are sucked into a shaft and drop 2 floors!
 14219 | Lair:4   | Noticed Josephine
 14243 | Lair:4   | Killed Josephine
 14244 | Lair:4   | Reached skill level 13 in Invocations
 14244 | Lair:4   | Reached XP level 13. HP: 81/97 MP: 0/0
 14244 | Lair:4   | Learned a level 5 spell: Yara's Violent Unravelling
 14289 | Lair:4   | Found a hole to the Spider Nest.
 14871 | Lair:4   | Reached skill level 1 in Axes
 14897 | Lair:4   | Reached skill level 14 in Invocations
 15053 | Lair:4   | Reached ****** piety under Makhleb
 15268 | Lair:3   | Found a dark tunnel.
 15276 | Volcano  | Entered a volcano
 15509 | Volcano  | Noticed an ogre mage
 15528 | Volcano  | Killed an ogre mage
 15603 | Volcano  | Noticed a red draconian
 15616 | Volcano  | Killed a red draconian
 15707 | Volcano  | Noticed a green death
 15897 | Lair:3   | Reached XP level 14. HP: 102/107 MP: 0/0
 17009 | Lair:2   | Slain by a komodo dragon

Illustrated notes

Levels and vault maps discovered:
D:1:      elethiomel_arrival_shortcut, layout_rooms
D:2:      layout_loops_ring, basic_altar, grunt_ministairs_14, minmay_distorted
D:3:      minmay_angry_zag, layout_loops_ring, amcnicky_altar_gilded,
          shapermc_ecumenical_altar_petra, supply_closet_lemuel,
          minmay_goblin_kobold_house
D:4:      layout_basic, serial_curves, eino_curves_04, eino_curves_02,
          eino_curves_01, nicolae_elevator_lobby_plus
D:5:      layout_basic, mainiacjoe_overflow_tiny_flanked, uniq_sigmund
D:6:      layout_rooms, tso_metal_star, gup_sewer_entry_bowl, dk_vineyard_2,
          uniq_duvessa, uniq_grinder, uniq_pikel
D:7:      layout_gridville, mainiacjoe_overflow_six_doors_small,
          mainiacjoe_overflow_chevrons, tgw_kikubaaqudgha,
          makhleb_blood_cavern_becter, minmay_temple_entry_oklob, serial_shops,
          nicolae_shop_trees
D:8:      layout_cave_pods, okawaru_metal_pillars_1_2, fedhas_altar_1,
          gup_ossuary_entry_pyramid, kennysheep_small_circle, uniq_grum
D:9:      layout_rooms, grunt_ministairs_1, minmay_alternating_orb
D:10:     layout_irregular_city, lemuel_zombie_altar_yredelemnul,
          grunt_dithmenos_shadows, erik_lair_island
Lair:1:   layout_hall_layers, serial_bayou_lagoon_b
Lair:2:   layout_cave_pods, elwin_shoals_entry_rooms, grunt_megastairs_4,
          serial_bayou_shore_b, infiniplex_staircase_pool_2, uniq_gastronok,
          uniq_sonja
Lair:3:   layout_cave_pods, lightli_volcano_entry_magma_tube
Lair:4:   layout_cave_pods, nicolae_spider_entry_non_spiders,
          chequers_serial_rivers_micro_a, uniq_josephine

Skill      XL: |  1  2  3  4  5  6  7  8  9 10 11 12 13 14 |
---------------+-------------------------------------------+-----
Fighting       | 1 2 3 4 5 6 7 9 10 12 | 12.2
Spellcasting   | 4 5 6 7 9 10 | 10.1
Invocations    | 1 2 3 4 5 7 10 13 14 | 14.0
Shields        | 2 4 |  4.0
Evocations     | 1 5 8 |  8.5
Axes           | 3 4 |  4.2
Dodging        | |  2.1
Stealth        | |  1.5

Action                   |  1- 3 |  4- 6 |  7- 9 | 10-12 | 13-15 || total
-------------------------+-------+-------+-------+-------+-------++-------
Melee: Dagger            |    39 |   107 |    88 |   272 |    85 ||   591
       Unarmed           |     2 |       |       |       |       ||     2
       Punch             |     2 |     3 |     1 |       |       ||     6
       Headbutt          |       |       |     5 |    38 |       ||    43
Throw: Dart              |       |       |       |    13 |       ||    13
 Cast: Freeze            |    32 |    29 |    82 |   149 |   161 ||   453
       Frozen Ramparts   |       |    10 |    15 |    36 |    15 ||    76
       Hailstorm         |       |     1 |     8 |    14 |     3 ||    26
       Beastly Appendage |       |       |     3 |     5 |       ||     8
       Conjure Flame     |       |       |     1 |     5 |       ||     6
       Ozocubu's Armour  |       |       |       |     1 |       ||     1
       Anguish           |       |       |       |     7 |       ||     7
       Yara's Violent Un |       |       |       |       |     1 ||     1
Invok: Minor Destruction |       |       |     2 |    83 |    25 ||   110
       Lesser Servant of |       |       |       |     3 |     5 ||     8
       Greater Servant o |       |       |       |       |     1 ||     1
Evoke: Wand              |       |       |       |     4 |     3 ||     7
  Use: Potion            |     2 |       |     9 |     2 |     5 ||    18
       Scroll            |       |       |     5 |    11 |     5 ||    21
 Stab: Sleeping          |     7 |    11 |     3 |     7 |     3 ||    31
       Distracted        |       |       |       |     1 |     1 ||     2
Armor: Robe              |    24 |    13 |    29 |   109 |       ||   175
       Skin              |     8 |       |       |       |       ||     8
       Ring mail         |       |       |       |    70 |   122 ||   192
Dodge: Dodged            |    37 |    85 |    90 |   244 |   117 ||   573
Block: Buckler           |       |       |    15 |   139 |    62 ||   216

Table legend: (Time is in decaauts)
 A = Elapsed time spent in this place.
 B = Non-inter-level travel time spent in this place.
 C = Inter-level travel time spent in this place.
 D = Time resting spent in this place.
 E = Time spent auto-exploring this place.
 F = Levels seen in this place.
 G = Mean time per level.
                   A        B        C        D        E       F      G
               +--------+--------+--------+--------+--------+-----+--------+
         Total |  17006 |  15599 |   1407 |   5063 |   6168 |  17 | 1000.4 |
       Dungeon |  12037 |  11282 |    755 |   4049 |   4761 |  10 | 1203.7 |
          Lair |   4040 |   3388 |    652 |    696 |   1407 |   4 | 1010.0 |
         Sewer |     91 |     91 |      0 |      0 |      0 |   1 |   91.0 |
       Ossuary |    268 |    268 |      0 |     28 |      0 |   1 |  268.0 |
       Volcano |    569 |    569 |      0 |    290 |      0 |   1 |  569.0 |
               +--------+--------+--------+--------+--------+-----+--------+

Top non-repeatable levels by time:
     D:3: 1837 daAuts
     D:2: 1738 daAuts
    D:10: 1227 daAuts
     D:1: 1206 daAuts
     D:8: 1196 daAuts
  Lair:3: 1192 daAuts
     D:7: 1121 daAuts
     D:9: 1087 daAuts
     D:4: 1044 daAuts
  Lair:4: 1027 daAuts
  Lair:2: 913 daAuts
  Lair:1: 906 daAuts
     D:6: 796 daAuts
     D:5: 781 daAuts
 Volcano: 569 daAuts
